TOP OF THE 1ST |
New Hampshire Fisher Cats batting - Pitching for Jackson Generals : RHP Dwain Ashford
|
Pitching: RHP Dwain Ashford
|
|
Batting: LHB Yoshinari Nara
|
0-0: Ball 1-0: Called Strike 1-1: Foul Ball, location: 2F 1-2: Ball 2-2: Ball 3-2: Foul Ball, location: 2F 3-2: SINGLE (Groundball, 6MS, EV 66.2 MPH) (infield hit)
|
Batting: LHB Sumiki Okuhara
|
0-0: Ball Passed Ball! Yoshinari Nara to second 1-0: Called Strike 1-1: Foul Ball, location: 2F 1-2: DOUBLE (Groundball, 3L, EV 104.4 MPH) Yoshinari Nara scores
|
Batting: LHB Jesus Romero
|
0-0: Called Strike 0-1: Ball 1-1: Ball 2-1: Ball 3-1: Foul Ball, location: 2F 3-2: Base on Balls
|
Batting: LHB Rodrigo Briceno
|
0-0: Ball 1-0: Grounds into double play, 6-4-3 (Groundball, 6, EV 106.2 MPH) Sumiki Okuhara to third
|
Batting: RHB Finn Ross
|
0-0: Ball 1-0: Ball 2-0: Called Strike 2-1: Ball 3-1: Fly out, F4 (Popup, 4S, EV 80.0 MPH)
|
Top of the 1st over - 1 run, 2 hits, 0 errors, 1 left on base; New Hampshire 1 - Jackson 0 |
BOTTOM OF THE 1ST |
Jackson Generals batting - Pitching for New Hampshire Fisher Cats : RHP Takehide Tanaka
|
Pitching: RHP Takehide Tanaka
|
|
Batting: LHB Caleb Domino
|
0-0: Called Strike 0-1: Called Strike 0-2: Ball 1-2: Strikes out swinging
|
Batting: RHB Eddie LaRose
|
0-0: Called Strike 0-1: Foul Ball, location: 2F 0-2: Ball 1-2: TRIPLE (Line Drive, 78XD, EV 103.8 MPH)
|
Batting: RHB Tony Vargas
|
0-0: Called Strike 0-1: Swinging Strike 0-2: Strikes out swinging
|
Batting: LHB Cliff Thomas
|
0-0: DOUBLE (Groundball, 3L, EV 102.5 MPH) Eddie LaRose scores
|
Batting: LHB Jerrod Cluck
|
0-0: Called Strike 0-1: Foul Ball, location: 2F 0-2: Ball Wild Pitch! Cliff Thomas to third 1-2: Foul Ball, location: 2F 1-2: Foul Ball, location: 2F 1-2: SINGLE (Flyball, 3D, EV 101.2 MPH) Cliff Thomas scores
|
Batting: RHB Harutomi Matsubara
|
Balk! Jerrod Cluck to second 0-0: SINGLE (Flyball, 3D, EV 89.4 MPH) Jerrod Cluck to third Runner from 3rd tries for Home, SAFE, throw by RF to home
|
Batting: RHB Brad Robidas
|
0-0: Ball 1-0: Ball Harutomi Matsubara steals 2nd base (no throw) 2-0: Called Strike 2-1: Fly out, F7 (Flyball, 78D, EV 99.4 MPH)
|
Bottom of the 1st over - 3 runs, 4 hits, 0 errors, 1 left on base; New Hampshire 1 - Jackson 3 |
TOP OF THE 2ND |
New Hampshire Fisher Cats batting - Pitching for Jackson Generals : RHP Dwain Ashford
|
Batting: RHB Tony Rosas
|
0-0: Ball 1-0: Called Strike 1-1: Foul Ball, location: 2F 1-2: Fly out, F7 (Flyball, 7, EV 99.4 MPH)
|
Batting: RHB Darren McCarty Jr.
|
0-0: Foul Ball, location: 2F 0-1: TRIPLE (Flyball, 9D, EV 96.9 MPH)
|
Batting: RHB John Loving
|
0-0: Called Strike 0-1: Foul Ball, location: 2F 0-2: Ground out 5-3 (Groundball, 56S, EV 79.4 MPH) Darren McCarty Jr. scores
|
Batting: SHB Justin Veatch
|
0-0: Called Strike 0-1: Called Strike 0-2: Foul Ball, location: 2F 0-2: Ball 1-2: Strikes out swinging
|
Top of the 2nd over - 1 run, 1 hit, 0 errors, 0 left on base; New Hampshire 2 - Jackson 3 |
BOTTOM OF THE 2ND |
Jackson Generals batting - Pitching for New Hampshire Fisher Cats : RHP Takehide Tanaka
|
Batting: RHB Malik Brookshire
|
0-0: Ground out 6-3 (Groundball, 6, EV 95.6 MPH)
|
Batting: RHB Rick Ellis
|
0-0: Ball 1-0: Foul Ball, location: 2F 1-1: Fly out, F8 (Line Drive, 8LM, EV 95.0 MPH)
|
Batting: LHB Caleb Domino
|
0-0: Foul Ball, location: 2F 0-1: Called Strike 0-2: Fly out, F6 (Flyball, 6D, EV 80.0 MPH)
|
Bottom of the 2nd over - 0 runs, 0 hits, 0 errors, 0 left on base; New Hampshire 2 - Jackson 3 |
TOP OF THE 3RD |
New Hampshire Fisher Cats batting - Pitching for Jackson Generals : RHP Dwain Ashford
|
Batting: LHB Yoshinari Nara
|
0-0: Foul Ball, location: 2F 0-1: Ball 1-1: Ball 2-1: Ball 3-1: Base on Balls
|
Batting: LHB Sumiki Okuhara
|
0-0: Ball 1-0: Called Strike Yoshinari Nara steals 2nd, throwing error, E2 Yoshinari Nara to third 1-1: Ball 2-1: Fly out, F1 (Popup, P, EV 77.5 MPH)
|
Batting: LHB Jesus Romero
|
0-0: Ball 1-0: Ball 2-0: Ball 3-0: Called Strike 3-1: Fly out, F4 (Line Drive, 4, EV 73.1 MPH)
|
Batting: LHB Rodrigo Briceno
|
0-0: Ball 1-0: Ball 2-0: Called Strike 2-1: Called Strike 2-2: Strikes out swinging
|
Top of the 3rd over - 0 runs, 0 hits, 1 error, 1 left on base; New Hampshire 2 - Jackson 3 |
BOTTOM OF THE 3RD |
Jackson Generals batting - Pitching for New Hampshire Fisher Cats : RHP Takehide Tanaka
|
Batting: RHB Eddie LaRose
|
0-0: Ball 1-0: Ball 2-0: Ball 3-0: Foul Ball, location: 2F 3-1: Swinging Strike 3-2: Foul Ball, location: 2F 3-2: Base on Balls
|
Batting: RHB Tony Vargas
|
0-0: Called Strike 0-1: Ball 1-1: Foul Ball, location: 2F 1-2: Strikes out swinging
|
Batting: LHB Cliff Thomas
|
0-0: Called Strike 0-1: Ball 1-1: Swinging Strike 1-2: Ball 2-2: Fly out, F9 (Flyball, 9, EV 84.4 MPH)
|
Batting: LHB Jerrod Cluck
|
0-0: Ball 1-0: Called Strike Eddie LaRose steals 2nd base 1-1: Foul Ball, location: 2F 1-2: Foul Ball, location: 2F 1-2: Strikes out swinging
|
Bottom of the 3rd over - 0 runs, 0 hits, 0 errors, 1 left on base; New Hampshire 2 - Jackson 3 |
TOP OF THE 4TH |
New Hampshire Fisher Cats batting - Pitching for Jackson Generals : RHP Dwain Ashford
|
Batting: RHB Finn Ross
|
0-0: Swinging Strike 0-1: Called Strike 0-2: Ground out U3 (Groundball, 34, EV 80.0 MPH)
|
Batting: RHB Tony Rosas
|
0-0: Called Strike 0-1: DOUBLE (Flyball, 7LD, EV 101.2 MPH)
|
Batting: RHB Darren McCarty Jr.
|
0-0: Swinging Strike 0-1: Swinging Strike 0-2: Ball 1-2: Ball 2-2: Foul Ball, location: 2F 2-2: Foul Ball, location: 2F 2-2: Ball 3-2: Fly out, F9 (Line Drive, 9, EV 95.6 MPH)
|
Batting: RHB John Loving
|
0-0: Swinging Strike 0-1: Ball 1-1: Swinging Strike 1-2: Ball 2-2: Foul Ball, location: 2F 2-2: Strikes out swinging
|
Top of the 4th over - 0 runs, 1 hit, 0 errors, 1 left on base; New Hampshire 2 - Jackson 3 |
BOTTOM OF THE 4TH |
Jackson Generals batting - Pitching for New Hampshire Fisher Cats : RHP Takehide Tanaka
|
Batting: RHB Harutomi Matsubara
|
0-0: Called Strike 0-1: Ground out 5-3 (Groundball, 56S, EV 72.5 MPH)
|
Batting: RHB Brad Robidas
|
0-0: Ball 1-0: Foul Ball, location: 2F 1-1: Fly out, F6 (Flyball, 56D, EV 86.9 MPH)
|
Batting: RHB Malik Brookshire
|
0-0: Called Strike 0-1: SINGLE (Flyball, 3D, EV 97.5 MPH)
|
Batting: RHB Rick Ellis
|
0-0: Ball Wild Pitch! Malik Brookshire to second 1-0: Foul Ball, location: 2F 1-1: Ball Wild Pitch! Malik Brookshire to third 2-1: Foul Ball, location: 2F 2-2: Foul Ball, location: 2F 2-2: Fly out, F8 (Flyball, 8RM, EV 75.0 MPH)
|
Bottom of the 4th over - 0 runs, 1 hit, 0 errors, 1 left on base; New Hampshire 2 - Jackson 3 |
TOP OF THE 5TH |
New Hampshire Fisher Cats batting - Pitching for Jackson Generals : RHP Dwain Ashford
|
Batting: SHB Justin Veatch
|
0-0: Ball 1-0: Swinging Strike 1-1: SINGLE (Groundball, 56D, EV 108.1 MPH)
|
Batting: LHB Yoshinari Nara
|
0-0: Ball 1-0: Ball 2-0: Foul Ball, location: 2F 2-1: Swinging Strike 2-2: Ball 3-2: Strikes out swinging
|
Pitching: RHP Tony Holley
|
|
Batting: LHB Sumiki Okuhara
|
0-0: Ground out 4-3 (Groundball, 34D, EV 111.9 MPH) Justin Veatch to second
|
Batting: LHB Jesus Romero
|
0-0: Ball 1-0: Ground out 5-3 (Groundball, 5, EV 82.5 MPH)
|
Top of the 5th over - 0 runs, 1 hit, 0 errors, 1 left on base; New Hampshire 2 - Jackson 3 |
BOTTOM OF THE 5TH |
Jackson Generals batting - Pitching for New Hampshire Fisher Cats : RHP Takehide Tanaka
|
Batting: LHB Caleb Domino
|
0-0: Ball 1-0: Fly out, F9 (Flyball, 9LM, EV 95.0 MPH)
|
Batting: RHB Eddie LaRose
|
0-0: Ball 1-0: Ball 2-0: Ball 3-0: Base on Balls
|
Batting: RHB Tony Vargas
|
0-0: Called Strike 0-1: Ball 1-1: Ball 2-1: Foul Ball, location: 2F 2-2: Ball Eddie LaRose steals 2nd base 3-2: Foul Ball, location: 2F 3-2: Base on Balls
|
Batting: LHB Cliff Thomas
|
0-0: Called Strike 0-1: DOUBLE (Flyball, 89D, EV 90.6 MPH) Eddie LaRose scores Tony Vargas to third
|
Batting: LHB Jerrod Cluck
|
0-0: Ball 1-0: Foul Ball, location: 2F 1-1: Foul Ball, location: 2F 1-2: Ball 2-2: Ball 3-2: Ground out 1-3 (Groundball, 34S, EV 65.0 MPH)
|
Batting: RHB Harutomi Matsubara
|
0-0: Foul Ball, location: 2F 0-1: Ball 1-1: Ball 2-1: Fly out, F4 (Line Drive, 4, EV 71.2 MPH)
|
Bottom of the 5th over - 1 run, 1 hit, 0 errors, 2 left on base; New Hampshire 2 - Jackson 4 |
TOP OF THE 6TH |
New Hampshire Fisher Cats batting - Pitching for Jackson Generals : RHP Tony Holley
|
Batting: LHB Rodrigo Briceno
|
0-0: Called Strike 0-1: Ground out 6-3 (Groundball, 6, EV 83.1 MPH)
|
Batting: RHB Finn Ross
|
0-0: Ball 1-0: SINGLE (Flyball, 8RS, EV 97.5 MPH)
|
Batting: RHB Tony Rosas
|
0-0: Called Strike 0-1: Called Strike 0-2: Ball 1-2: Fly out, F7 (Flyball, 7LD, EV 98.1 MPH)
|
Batting: RHB Darren McCarty Jr.
|
0-0: Ball Finn Ross is caught stealing 2nd base 2-4
|
Top of the 6th over - 0 runs, 1 hit, 0 errors, 0 left on base; New Hampshire 2 - Jackson 4 |
BOTTOM OF THE 6TH |
Jackson Generals batting - Pitching for New Hampshire Fisher Cats : RHP Takehide Tanaka
|
Batting: RHB Brad Robidas
|
0-0: Ball 1-0: Ball 2-0: Ground out 5-3 (Groundball, 5S, EV 70.0 MPH)
|
Batting: RHB Malik Brookshire
|
0-0: Ball 1-0: Called Strike 1-1: Ball 2-1: DOUBLE (Line Drive, 9LS, EV 96.2 MPH)
|
Batting: RHB Rick Ellis
|
0-0: Called Strike 0-1: Ball 1-1: Ball 2-1: Swinging Strike 2-2: Strikes out swinging
|
Batting: LHB Caleb Domino
|
0-0: Ball 1-0: Foul Ball, location: 2F 1-1: Foul Ball, location: 2F 1-2: Strikes out swinging
|
Bottom of the 6th over - 0 runs, 1 hit, 0 errors, 1 left on base; New Hampshire 2 - Jackson 4 |
TOP OF THE 7TH |
New Hampshire Fisher Cats batting - Pitching for Jackson Generals : RHP Tony Holley
|
Pitching: RHP Aidan Martin
|
|
Batting: RHB Darren McCarty Jr.
|
0-0: Ball 1-0: Ball 2-0: Called Strike 2-1: Called Strike 2-2: Strikes out swinging
|
Batting: RHB John Loving
|
0-0: Ball 1-0: Ball 2-0: Ball 3-0: Base on Balls
|
Batting: SHB Justin Veatch
|
0-0: Called Strike John Loving steals 2nd base (no throw) 0-1: Ball 1-1: Foul Ball, location: 2F 1-2: Fly out, F8 (Flyball, 8RD, EV 106.9 MPH)
|
Batting: LHB Yoshinari Nara
|
0-0: Called Strike 0-1: Ground out 1-3 (Groundball, 15S, EV 54.4 MPH)
|
Top of the 7th over - 0 runs, 0 hits, 0 errors, 1 left on base; New Hampshire 2 - Jackson 4 |
BOTTOM OF THE 7TH |
Jackson Generals batting - Pitching for New Hampshire Fisher Cats : RHP Takehide Tanaka
|
Pitching: RHP Germano Nunes
|
|
Batting: RHB Eddie LaRose
|
0-0: Ground out 5-3 (Groundball, 56S, EV 75.6 MPH)
|
Batting: RHB Tony Vargas
|
0-0: Called Strike 0-1: Foul Ball, location: 2F 0-2: Ball 1-2: Ground out 5-3 (Groundball, 5, EV 86.9 MPH)
|
Batting: LHB Cliff Thomas
|
0-0: Ball 1-0: Ball 2-0: Called Strike 2-1: Foul Ball, location: 2F 2-2: Foul Ball, location: 2F 2-2: Foul Ball, location: 2F 2-2: Ball 3-2: Base on Balls
|
Batting: LHB Jerrod Cluck
|
0-0: Called Strike 0-1: Called Strike 0-2: Strikes out swinging
|
Bottom of the 7th over - 0 runs, 0 hits, 0 errors, 1 left on base; New Hampshire 2 - Jackson 4 |
TOP OF THE 8TH |
New Hampshire Fisher Cats batting - Pitching for Jackson Generals : RHP Aidan Martin
|
Pitching: RHP Victor Cervantes
|
|
Batting: LHB Sumiki Okuhara
|
0-0: Ball 1-0: Foul Ball, location: 2F 1-1: Ball 2-1: Ball 3-1: Called Strike 3-2: Strikes out looking
|
Batting: LHB Jesus Romero
|
0-0: Called Strike 0-1: Ball 1-1: Ball 2-1: SINGLE (Groundball, 6MD, EV 101.9 MPH)
|
Batting: LHB Rodrigo Briceno
|
0-0: Foul Ball, location: 2F 0-1: Ball 1-1: Foul Ball, location: 2F 1-2: Strikes out swinging
|
Batting: RHB Finn Ross
|
0-0: Ball 1-0: Swinging Strike 1-1: Fielders Choice at 2nd, U6 (Groundball, 6M, EV 88.1 MPH)
|
Top of the 8th over - 0 runs, 1 hit, 0 errors, 1 left on base; New Hampshire 2 - Jackson 4 |
BOTTOM OF THE 8TH |
Jackson Generals batting - Pitching for New Hampshire Fisher Cats : RHP Germano Nunes
|
Batting: RHB Harutomi Matsubara
|
0-0: Ball 1-0: Called Strike 1-1: Ground out 6-3 (Groundball, 6, EV 100.6 MPH)
|
Batting: RHB Brad Robidas
|
0-0: Ball 1-0: Called Strike 1-1: Swinging Strike 1-2: Strikes out swinging
|
Batting: RHB Malik Brookshire
|
0-0: Ball 1-0: Hit by Pitch
|
Batting: RHB Rick Ellis
|
0-0: Ball Malik Brookshire steals 2nd base 1-0: Called Strike 1-1: Ground out 5-3 (Groundball, 5, EV 103.8 MPH)
|
Bottom of the 8th over - 0 runs, 0 hits, 0 errors, 1 left on base; New Hampshire 2 - Jackson 4 |
TOP OF THE 9TH |
New Hampshire Fisher Cats batting - Pitching for Jackson Generals : RHP Victor Cervantes
|
Batting: RHB Tony Rosas
|
0-0: Called Strike 0-1: Fly out, F9 (Flyball, 9D, EV 91.2 MPH)
|
Batting: RHB Darren McCarty Jr.
|
0-0: Ground out 4-3 (Groundball, 4MS, EV 84.4 MPH)
|
Batting: RHB John Loving
|
0-0: Ball 1-0: Ball 2-0: Fly out, F5 (Line Drive, 5, EV 60.6 MPH)
|
Top of the 9th over - 0 runs, 0 hits, 0 errors, 0 left on base; New Hampshire 2 - Jackson 4 |
|